 Dungeon Crawl Stone Soup version 0.23.2-1-ga50397a6bc (webtiles) character file.

Game seed: 6705358863320090117

2368 Revguard the Chopper (level 9, 0/47 HPs)
             Began as a Vine Stalker Berserker on Apr 15, 2019.
             Was an Elder of Trog.
             Slain by a wolf (3 damage)
             ... on level 8 of the Dungeon.
             The game lasted 00:24:24 (6190 turns).

Revguard the Chopper (Vine Stalker Berserker)       Turns: 6190, Time: 00:24:26

Health: 0/47       AC: 16    Str: 23    XL:     9   Next: 44%
Magic:  0/11       EV: 13    Int:  7    God:    Trog [****..]
Gold:   759        SH:  0    Dex: 16    Spells: 8/8 levels left

rFire    . . .     SeeInvis .   r - +2 morningstar (protect)
rCold    . . .     Gourm    .   (no shield)
rNeg     . . .     Faith    .   e - +4 ring mail
rPois    .         Spirit   +   (no helmet)
rElec    .         Reflect  .   (no cloak)
rCorr    .         Harm     .   (no gloves)
MR       +++..                  (no boots)
Stlth    +.........             (no amulet)
HPRegen  1.55/turn              b - +2 ring of strength
MPRegen  0.12/turn              (no ring)

@: protection aura, berserk cooldown, regenerating, lightly drained
A: fangs 3, regeneration 1, magic shield, antimagic bite, no potion heal 3, rot
immunity
a: Berserk, Trog's Hand, Brothers in Arms, Renounce Religion


You were on level 8 of the Dungeon.
You worshipped Trog.
Trog was greatly pleased with you.
You were near starving.

You visited 2 branches of the dungeon, and saw 9 of its levels.

You collected 759 gold pieces.

Inventory:

Hand Weapons
 a - a +1 hand axe
 r - a +2 morningstar of protection (weapon)
Armour
 e - a +4 ring mail (worn)
 g - a +0 leather armour
 j - a +1 ring mail
 q - a +1 leather armour of magic resistance
Jewellery
 b - a +2 ring of strength (left hand)
Wands
 l - a wand of polymorph (7)
 o - a wand of flame (16)
Scrolls
 f - 6 scrolls of identify
 h - 5 scrolls of teleportation
 k - 2 scrolls of amnesia
 m - 4 scrolls of remove curse
 p - 2 scrolls of magic mapping
Potions
 d - 2 potions of heal wounds
 n - a potion of berserk rage
Comestibles
 c - 12 rations


   Skills:
 + Level 5.2(4.7) Fighting
 - Level 7.6(7.1) Axes
 + Level 1.2(4.4) Maces & Flails
 + Level 4.7(4.1) Armour
 + Level 4.1(3.5) Dodging
 - Level 1.8(1.3) Stealth
 - Level 1.0(0.5) Unarmed Combat
 * Level 2.4(1.8) Evocations


You had 8 spell levels left.
You didn't know any spells.
Your spell library was empty.

Dungeon Overview and Level Annotations

Branches:
Dungeon (8/15)             Temple (1/1) D:5
   Lair: D:8-11

Altars:
Ashenzari
Dithmenos
Fedhas
Gozag
Hepliaklqana
Kikubaaqudgha
Makhleb
Nemelex Xobeh
Okawaru
Qazlal
Ru
Sif Muna
Trog
Uskayaw
Vehumet
Wu Jian
Xom
Yredelemnul
Zin
The Shining One

Shops:
D:7 *


Innate Abilities, Weirdness & Mutations

You have razor-sharp teeth.
Your natural rate of healing is unusually fast.
When hurt, damage is shared between your health and your magic reserves.
Your bite disrupts and absorbs the magic of your enemies.
Potions cannot restore your health.
You are immune to rotting.


Message History

You hit the howler monkey.
Your weapon exudes an aura of protection.
The howler monkey is lightly wounded.
The wolf misses you. The wolf bites you.
* * * LOW HITPOINT WARNING * * *
The wolf misses you.
The hound pauses to sniff the ground.
The howler monkey hits you.
* * * LOW HITPOINT WARNING * * *
The wolf misses you. The wolf barely misses you.
The wolf bites you but does no damage.
The howler monkey hits you but does no damage.
The wolf misses you.
Your skin crawls.
You feel resistant to hostile enchantments.
You feel somewhat more hungry. The wolf barely misses you.
The wolf bites you but does no damage. The wolf bites you.
* * * LOW HITPOINT WARNING * * *
The howler monkey misses you. The wolf bites you.
You die...

....(.## .#
....)#####.## .........
....†(...#..##..........
...###.................#
..# #..........#......#
.. #.....(##.##...[..#
.. ##..oZz##.........##
. ###..z.#..#hz.....#
###...##.##@##
#....z.hazhhh#
#.......##lh.#
#...#....#.....#
#####.#..........#
###.........##
#######..## ###


You could see a black bear, 3 wolves, a howler monkey, an iguana, a hound, a
worker ant and 3 wights.

Vanquished Creatures
  Sigmund (D:2)
  Menkaure (D:6)
  2 water moccasins
  Duvessa (D:6)
  2 ogres
  A black bear (D:6)
  A centaur (D:8)
  A big kobold (D:7)
  Blork the orc (D:6)
  2 bullfrogs
  Dowan (D:6)
  3 scorpions
  2 crimson imps
  2 hounds
  An orc priest (D:5)
  An orc wizard (D:6)
  A centaur skeleton (D:6)
  Ijyb (D:5)
  3 iguanas
  12 worker ants
  A statue (D:4)
  A killer bee zombie (D:6)
  A hound zombie (D:6)
  A howler monkey zombie (D:7)
  5 gnolls (D:6)
  A howler monkey skeleton (D:6)
  6 adders
  2 shadow imps
  2 oozes
  An adder zombie (D:7)
  An adder skeleton (D:8)
  3 worms
  4 dart slugs
  6 leopard geckos
  17 orcs
  8 giant cockroaches
  11 hobgoblins
  12 jackals
  4 quokkas
  3 ball pythons
  4 bats
  5 frilled lizards
  5 goblins
  11 kobolds
  2 leopard gecko zombies
  A quokka zombie (D:6)
  10 rats
168 creatures vanquished.

Notes
Turn   | Place    | Note
-------+----------+-------------------------------------------
     0 | D:1      | Revguard the Vine Stalker Berserker began the quest for the
                  | Orb.
     0 | D:1      | Reached XP level 1. HP: 11/11 MP: 2/2
   432 | D:1      | Reached XP level 2. HP: 5/16 MP: 3/3
   701 | D:1      | Reached skill level 3 in Axes
   818 | D:1      | Found a shattered altar of Ashenzari.
  1108 | D:1      | Reached XP level 3. HP: 16/20 MP: 4/4
  1233 | D:2      | Found an ancient bone altar of Kikubaaqudgha.
  1248 | D:2      | Reached ** piety under Trog
  1275 | D:2      | Noticed Sigmund
  1287 | D:2      | Killed Sigmund
  1287 | D:2      | Reached skill level 4 in Axes
  1287 | D:2      | Reached skill level 1 in Stealth
  1287 | D:2      | Gained mutation: Your natural rate of healing is unusually
                  | fast. [Vine Stalker growth]
  1287 | D:2      | Reached XP level 4. HP: 24/24 MP: 5/5
  1287 | D:2      | Reached XP level 5. HP: 28/28 MP: 6/6
  1394 | D:2      | Found a shattered altar of Ashenzari.
  1952 | D:3      | Reached XP level 6. HP: 32/32 MP: 5/7
  2302 | D:3      | You fall through a shaft!
  2384 | D:4      | Reached skill level 5 in Axes
  2504 | D:4      | Found a radiant altar of Vehumet.
  2524 | D:4      | Reached XP level 7. HP: 31/37 MP: 6/8
  3491 | D:5      | Entered Level 5 of the Dungeon
  3502 | D:5      | Reached *** piety under Trog
  3542 | D:5      | Found a staircase to the Ecumenical Temple.
  3560 | Temple   | Entered the Ecumenical Temple
  3986 | D:5      | Noticed Ijyb
  4004 | D:5      | Killed Ijyb
  4004 | D:5      | Reached skill level 6 in Axes
  4105 | D:5      | Found a glowing golden altar of the Shining One.
  4396 | D:6      | Found a hide-covered altar of Uskayaw.
  4454 | D:6      | Found a sparkling altar of Nemelex Xobeh.
  4480 | D:6      | Gained mutation: You have razor-sharp teeth. [Vine Stalker
                  | growth]
  4480 | D:6      | Reached XP level 8. HP: 39/42 MP: 7/9
  4526 | D:6      | Noticed Blork the orc
  4556 | D:6      | Killed Blork the orc
  4622 | D:6      | Found a blossoming altar of Fedhas.
  4642 | D:6      | Noticed Duvessa
  4643 | D:6      | Noticed Dowan
  4651 | D:6      | Killed Duvessa
  4655 | D:6      | Killed Dowan
  4903 | D:6      | Noticed Menkaure
  4912 | D:6      | Killed Menkaure
  4912 | D:6      | Reached skill level 7 in Axes
  4912 | D:6      | Reached skill level 1 in Unarmed Combat
  5003 | D:6      | Reached skill level 1 in Evocations
  5045 | D:6      | Reached XP level 9. HP: 41/46 MP: 10/10
  5148 | D:6      | Reached **** piety under Trog
  5479 | D:7      | Found Gozag's Platinum Reserve.
  5487 | D:7      | Found an opulent altar of Gozag.
  5551 | D:7      | Reached skill level 5 in Fighting
  5587 | D:7      | Found a hazy altar of Hepliaklqana.
  5829 | D:7      | Found a glowing golden altar of the Shining One.
  5988 | D:7      | Found a deep blue altar of Sif Muna.
  6157 | D:8      | Reached skill level 1 in Maces & Flails
  6190 | D:8      | Slain by a wolf

Skill      XL: |  1  2  3  4  5  6  7  8  9 |
---------------+----------------------------+-----
Axes           | 3 4 5 6 7 |  7.6
Fighting       | 3 4 5 |  5.2
Armour         | 2 3 4 |  4.7
Dodging        | 2 3 4 |  4.1
Stealth        | 1 |  1.8
Unarmed Combat | 1 |  1.0
Evocations     | 1 2 |  2.4
Maces & Flails | 1 |  1.2

Action                   |  1- 3 |  4- 6 |  7- 9 || total
-------------------------+-------+-------+-------++-------
Melee: Hand axe          |    80 |   116 |   334 ||   530
       Bite              |    22 |    38 |   115 ||   175
       Unarmed           |       |       |     6 ||     6
       Morningstar       |       |       |    30 ||    30
       Punch             |       |       |     1 ||     1
Invok: Trog's Hand       |     1 |     1 |     7 ||     9
       Berserk           |     1 |     1 |     6 ||     8
Evoke: Wand              |       |       |     1 ||     1
  Use: Potion            |     3 |     2 |     6 ||    11
       Scroll            |       |     7 |     8 ||    15
 Stab: Sleeping          |     1 |     2 |     1 ||     4
       Confused          |       |       |     1 ||     1
  Eat: Chunk             |     1 |     7 |    18 ||    26
Armor: Leather armour    |    22 |     5 |    13 ||    40
       Ring mail         |       |    27 |   140 ||   167
Dodge: Dodged            |    57 |    79 |   310 ||   446
